[Event "Early-Titled-Tuesday-Blitz-January-23-2024"]
[Site "Chess.com"]
[Date "2024.01.23"]
[Round "6"]
[White "Yeritsyaan"]
[Black "koncheto"]
[Result "1-0"]
[WhiteElo "2653"]
[BlackElo "2568"]
[TimeControl "180+1"]
[EndTime "9:05:27 PST"]
[Termination "Yeritsyaan won by resignation"]

1. c4 Nf6 2. Nc3 e6 3. d3 d5 4.
e4 dxe4 5. dxe4 Qxd1+ 6. Kxd1 b6 7. Bd3 Bb7 8. f3 Nbd7 9. Be3 O-O-O 10. Kc2 Bc5 11.
Bxc5 Nxc5 12. Rd1 e5 13. Nd5 Nfd7 14. Ne2 c6 15. Ne3 Ne6 16. b4 c5 17. a3 Nd4+ 18.
Nxd4 cxd4 19. Nf5 Kc7 20. h4 g6 21. Nh6 Rdf8 22. g4 Nf6 23. Kb3 Ng8 24. Nxg8 Rhxg8 25. Rde1 f6 26. Rhg1 h6 27. Rc1 Kd6 28.
c5+ bxc5 29. bxc5+ Kc7 30. c6 Bc8 31. Bc4 Rg7 32.
Bd5 Re7 33. Kb4 Be6 34. Kc5 Rb8 35. Rb1 Bxd5 36. exd5 Rxb1 37. Rxb1 1-0

[Event "Early-Titled-Tuesday-Blitz-January-23-2024"]
[Site "Chess.com"]
[Date "2024.01.23"]
[Round "6"]
[White "AsterPhoenix"]
[Black "AndresDelgado77"]
[Result "1-0"]
[WhiteElo "2569"]
[BlackElo "2395"]
[TimeControl "180+1"]
[EndTime "9:05:28 PST"]
[Termination "AsterPhoenix won on time"]

1. e4 e6 2. d4 d5 3. Nc3 Nf6 4.
e5 Nfd7 5. f4 c5 6. Nf3 Nc6 7.
Ne2 b6 8. Be3 Ba6 9. c3 Rc8 10. h4 Bxe2 11. Bxe2 cxd4 12. Nxd4 Nxd4 13. cxd4 Be7 14. h5 Bh4+ 15. Kf1 O-O 16. g4 Be7 17. h6 g6 18. f5 Bg5 19. Qd2 Bxe3 20. Qxe3 f6 21. Kg1 fxe5 22. fxe6 exd4 23. Qxd4 Nf6 24. g5 Ne8 25. Rh2 Rf5 26. Kh1 Rxg5 27. Rf1 Rh5 28. Bxh5 1-0

[Event "Early-Titled-Tuesday-Blitz-January-23-2024"]
[Site "Chess.com"]
[Date "2024.01.23"]
[Round "6"]
[White "Zq1"]
[Black "Saraisitave"]
[Result "1-0"]
[WhiteElo "2524"]
[BlackElo "2335"]
[TimeControl "180+1"]
[EndTime "9:05:28 PST"]
[Termination "Zq1 won on time"]

1. d4 d5 2. c4 c6 3. e3 Nf6 4. Nc3 g6 5. Nf3 Bg7 6. Be2 O-O 7. O-O Bf5 8. b4 Ne4 9. Bb2 Nd7 10. a4 e6 11. b5 Rc8 12. Qb3 Bg4 13. Rfd1 Bxf3 14.
Bxf3 f5 15. a5 Kh8 16. a6 dxc4 17. Qxc4 cxb5 18. Qb3 Nxc3 19. Bxc3 bxa6 20. Rxa6 e5 21. Rxa7 e4 22. Be2 Nf6 23. d5 Qb6 24. Bd4 Qd6 25. Qb2 b4 26. h3 Rc7 27. Be5 1-0

[Event "Early-Titled-Tuesday-Blitz-January-23-2024"]
[Site "Chess.com"]
[Date "2024.01.23"]
[Round "6"]
[White "MaxLeto"]
[Black "maurovargas01"]
[Result "1-0"]
[WhiteElo "2298"]
[BlackElo "1851"]
[TimeControl "180+1"]
[EndTime "9:05:29 PST"]
[Termination "MaxLeto won by checkmate"]

1. g4 d6 2. Bg2 c6 3. g5 e5 4. d4 exd4 5. Qxd4 Be7 6. Qxg7 Qa5+ 7. Bd2 Qe5 8. Bc3 Qxg5 9. Qxg5 Bxg5 10. Bxh8 f6 11. Nf3 Bh6 12. Nbd2 Bf5 13. O-O-O d5 14. Rhg1 Bg6 15. Nh4 Kf7 16. Nxg6 hxg6 17. e4 dxe4 18. Bxe4 Ne7 19. Kb1 Nd7 20. Nc4 Rxh8 21. Rxd7 Ke6 22. Rxb7 f5 23. Bd3 Bf4 24. Re1+ Kd5 25. Rexe7 Rxh2 26. b4 Bg5 27. Rbd7# 1-0

[Event "Early-Titled-Tuesday-Blitz-January-23-2024"]
[Site "Chess.com"]
[Date "2024.01.23"]
[Round "6"]
[White "brm72"]
[Black "mbojan"]
[Result "0-1"]
[WhiteElo "2698"]
[BlackElo "2895"]
[TimeControl "180+1"]
[EndTime "9:05:32 PST"]
[Termination "mbojan won by resignation"]

1. e4 a6 2. d4 e6 3. Bd3 d5 4. e5 c5 5. c3 Bd7 6. Nf3 cxd4 7. cxd4 Bb5 8. Nc3 Bxd3 9. Qxd3 Nc6 10. O-O Nge7 11.
a3 Nf5 12. Be3 Be7 13. Rac1 O-O 14. g4 Nxe3 15. fxe3 Rc8 16. b4 f6 17. exf6 Rxf6 18.
Na4 Qd6 19. Kg2 Rcf8 20. Nc5 e5 21. Nxb7 Qd7 22. dxe5 Rxf3 23. Rxf3 Rxf3 24. Nc5 Qxg4+ 25. Kh1 Nxe5 26. Qxd5+ Nf7 27. Ne6 h6 28. Rg1 Qf5 29. Rxg7+ Kh8 30. Qa8+ Bd8 31. Nxd8 Kxg7 0-1

[Event "Early-Titled-Tuesday-Blitz-January-23-2024"]
[Site "Chess.com"]
[Date "2024.01.23"]
[Round "6"]
[White "Witty_Alien"]
[Black "bazar-wokzal"]
[Result "0-1"]
[WhiteElo "2343"]
[BlackElo "2563"]
[TimeControl "180+1"]
[EndTime "9:05:32 PST"]
[Termination "bazar-wokzal won by checkmate"]

1. e4 c5 2. Nf3 d6 3. d4 cxd4 4. c3 Nf6 5. Bd3 dxc3 6. O-O e5 7. Nxc3 h6 8. Bc4 Be7 9. Nh4 O-O 10. Ng6 Re8 11.
Qb3 Be6 12. Bxe6 fxe6 13. Qxe6+ Kh7 14. Qf5 Kg8 15. Qe6+ Kh7 16. Qf7 Nc6 17. f4 exf4 18. Bxf4 Qd7 19. Bxh6 Kxh6 20. Rf3 Nh5 21. Rh3 Qg4 22.
Nf4 g6 23. Nxh5 gxh5 24. Rg3 Rf8 25. Qd5 Qf4 26. Kh1 Qf1+ 27. Rxf1 Rxf1# 0-1

[Event "Early-Titled-Tuesday-Blitz-January-23-2024"]
[Site "Chess.com"]
[Date "2024.01.23"]
[Round "6"]
[White "LevonAronian"]
[Black "Byniolus"]
[Result "1-0"]
[WhiteElo "3112"]
[BlackElo "2856"]
[TimeControl "180+1"]
[EndTime "9:05:33 PST"]
[Termination "LevonAronian won by resignation"]

1. e4 d5 2. exd5 Nf6 3. Nf3 Nxd5 4. d4 Bg4 5. c4 Nb6 6. c5 N6d7 7. h3 Bxf3 8. Qxf3 Nc6 9. Be3 e5 10. Bc4 Qf6 11.
Qxf6 Nxf6 12. d5 Nb4 13. Nc3 Nc2+ 14. Ke2 Nxa1 15. Rxa1 a6 16. b4 Be7 17. a4 O-O 18. Rd1 Rfd8 19. a5 g6 20. Kd3 Kg7 21. Kc2 h6 22.
Kb3 Ne8 23. Bc1 f5 24. g4 fxg4 25. hxg4 Bg5 26. Bxg5 hxg5 27. Ne4 Nf6 28. Nxg5 Nxg4 29. Ne6+ Kf6 30. Nxc7 Rac8 31. d6 e4 32. Be6 Nxf2 33.
Rf1 e3 34. Bxc8 Rxc8 35. Nd5+ Ke5 36. Nxe3 Ne4 37. Nc4+ Kd4 38. Rd1+ 1-0

[Event "Early-Titled-Tuesday-Blitz-January-23-2024"]
[Site "Chess.com"]
[Date "2024.01.23"]
[Round "6"]
[White "GoValya"]
[Black "Ceejay271"]
[Result "1-0"]
[WhiteElo "2314"]
[BlackElo "2493"]
[TimeControl "180+1"]
[EndTime "9:05:33 PST"]
[Termination "GoValya won on time"]

1. d4 d5 2. g3 Nf6 3. Bg2 c5 4. Nf3 cxd4 5. Nxd4 e5 6. Nf3 Nc6 7. O-O Be7 8. c4 d4 9. Nbd2 Bg4 10. h3 Bh5 11. Qb3 Qc7 12. Re1 O-O 13. Ng5 h6 14. Nge4 Nxe4 15. Nxe4 f5 16. c5+ Kh8 17. Nd6 Bxd6 18. cxd6 Qxd6 19. Qxb7 Rac8 20. Bd2 Rc7 21. Qa6 Rb8 22. Rac1 Rb6 23. Qa3 Qxa3 24. bxa3 e4 25. Ba5 Nxa5 26. Rxc7 Rb2 27. Rxa7 Nc4 28. g4 Bg6 29. Rc1 Ne5 30. Rc8+ Kh7 31. Raa8 Bf7 32. gxf5 g5 33. f6 Kg6 34. Bxe4+ Kxf6 35. Ra6+ Kg7 36. Ra5 Nd7 37. Rc7 Nf6 38. Bd3 Kg8 39.
Raa7 Bd5 40. Rc8+ 1-0

[Event "Early-Titled-Tuesday-Blitz-January-23-2024"]
[Site "Chess.com"]
[Date "2024.01.23"]
[Round "6"]
[White "leepday"]
[Black "rionelG"]
[Result "0-1"]
[WhiteElo "2151"]
[BlackElo "2323"]
[TimeControl "180+1"]
[EndTime "9:05:33 PST"]
[Termination "rionelG won by resignation"]

1. e4 c5 2. Nf3 d6 3. d4 cxd4 4.
Nxd4 Nf6 5. Nc3 a6 6. Bg5 e6 7. f4 h6 8. Bh4 Qb6 9. Nb3 Qe3+ 10. Be2 Qxf4 11. Bg3 Qg5 12. Bxd6 Bxd6 13. Qxd6 Nbd7 14. h4 Qe5 15. Qd3 b5 16. O-O-O b4 17. Na4 Qxe4 18. Qd2 O-O 19. Nac5 Nxc5 20. Nxc5 Qc6 21.
Bf3 Qxc5 22. Bxa8 a5 23. Qd4 Qb5 24. g4 e5 25. Qd3 Qxd3 26. cxd3 Bxg4 27. Rdg1 Rxa8 28.
Rh2 Rd8 29. Kc2 Bf5 30. Kb3 Bxd3 31. Rhg2 g6 32. Rg3 Bb5 33. Rf3 Ne4 34. Re3 Rd4 35. Rg4 Nd2+ 36. Kc2 Nf1 37. Rxd4 Nxe3+ 38. Kd2 exd4 0-1

[Event "Early-Titled-Tuesday-Blitz-January-23-2024"]
[Site "Chess.com"]
[Date "2024.01.23"]
[Round "6"]
[White "RantomOpening"]
[Black "GMJustin"]
[Result "1-0"]
[WhiteElo "2521"]
[BlackElo "2338"]
[TimeControl "180+1"]
[EndTime "9:05:34 PST"]
[Termination "RantomOpening won by resignation"]

1. e4 e6 2. Qe2 d5 3. d3 c5 4. Nf3 Nf6 5. g3 Nc6 6. Bg2 Be7 7. O-O b6 8. e5 Nd7 9. c4 Bb7 10. Nc3 d4 11. Ne4 Ndxe5 12. Nxe5 Nxe5 13. Nxc5 Bxg2 14.
Kxg2 bxc5 15. Qxe5 O-O 16. b3 a5 17. Bd2 a4 18. Qe4 Qb6 19. Rfb1 axb3 20. Rxb3 Qa6 21.
Qb7 Bd6 22. Qxa6 Rxa6 23. a4 f5 24. a5 Rfa8 25. Rb5 e5 26. Rab1 R8a7 27. Rb7 Rxb7 28. Rxb7 e4 29. dxe4 fxe4 30. Rb6 Rxb6 31. axb6 Kf7 32.
Bf4 Ke6 33. b7 1-0

[Event "Early-Titled-Tuesday-Blitz-January-23-2024"]
[Site "Chess.com"]
[Date "2024.01.23"]
[Round "6"]
[White "AnaKuchava"]
[Black "KorolDimitriy75"]
[Result "0-1"]
[WhiteElo "2222"]
[BlackElo "2361"]
[TimeControl "180+1"]
[EndTime "9:05:34 PST"]
[Termination "KorolDimitriy75 won on time"]

1. d4 Nf6 2. Nf3 g6 3. c4 c5 4. d5 b5 5. cxb5 a6 6. b6 d6 7. Nc3 Nbd7 8. e4 Bg7 9. Bd3 O-O 10.
O-O Nxb6 11. h3 e6 12. dxe6 Bxe6 13. e5 dxe5 14. Nxe5 Nfd5 15. Nxd5 Qxd5 16. Nf3 Rfd8 17. Be2 Qf5 18. Qe1 Nc4 19. Ng5 Nxb2 20. Bg4 Qe5 21. Nxe6 fxe6 22. Bxe6+ Kh8 23. Qxe5 Bxe5 24. Bxb2 Bxb2 25.
Rad1 Bd4 26. Bc4 a5 27. Rfe1 Rf8 28. Re2 Rab8 29. Rde1 Rb4 0-1

[Event "Early-Titled-Tuesday-Blitz-January-23-2024"]
[Site "Chess.com"]
[Date "2024.01.23"]
[Round "6"]
[White "Durarbayli"]
[Black "djano"]
[Result "0-1"]
[WhiteElo "2874"]
[BlackElo "2688"]
[TimeControl "180+1"]
[EndTime "9:05:35 PST"]
[Termination "djano won on time"]

1. e4 c5 2. Nf3 Nc6 3. d4 cxd4 4.
Nxd4 g6 5. c4 e5 6. Nb5 d6 7. Be3 Be7 8. Be2 Nf6 9. N1c3 a6 10.
Na3 O-O 11. O-O Be6 12. f3 Nh5 13. Nd5 Bxd5 14. cxd5 Nd4 15. Rc1 Bg5 16. Nc2 Bxe3+ 17. Nxe3 Qg5 18. Rc3 Rac8 19. Ng4 Nf4 20. Bc4 h5 21. g3 Nh3+ 22. Kg2 hxg4 23. f4 Qh5 24. fxe5 dxe5 25. d6 Kg7 26. Bd5 Rxc3 27. bxc3 Nf3 28. d7 Nf4+ 29. Kf2 Qxh2+ 30. Ke3 Ng2+ 31. Kd3 Qxg3 0-1

[Event "Early-Titled-Tuesday-Blitz-January-23-2024"]
[Site "Chess.com"]
[Date "2024.01.23"]
[Round "6"]
[White "stasOR4ik"]
[Black "SpongeBob_03"]
[Result "1/2-1/2"]
[WhiteElo "2413"]
[BlackElo "2218"]
[TimeControl "180+1"]
[EndTime "9:05:36 PST"]
[Termination "Game drawn by repetition"]

1. e4 c5 2. c3 d5 3. exd5 Qxd5 4. Nf3 Nf6 5. d4 e6 6. Be3 cxd4 7. cxd4 Nc6 8. Nc3 Qd6 9. Bc4 Be7 10. O-O O-O 11.
d5 exd5 12. Nxd5 Nxd5 13. Qxd5 Qxd5 14. Bxd5 Nb4 15. Bb3 Bf5 16. Rac1 Rac8 17. Bxa7 Nd3 18. Rxc8 Rxc8 19. Bd4 Bc5 20. Bc3 b5 21. a3 Bxa3 22. Ne5 Nxe5 23. Bxe5 Bc5 24. Ra1 Re8 25. Bc3 Bg6 26. h3 h6 27. Ra5 Re2 28. Rxb5 Bxf2+ 29. Kf1 Bd3 30. Rb8+ Kh7 31. Rd8 Ba6 32. Rd6 Bb5 33.
Rd5 Ba6 34. Ra5 Bd3 35. Rd5 Ba6 36. Rd6 Bb5 37. Rd5 Ba6 1/2-1/2

[Event "Early-Titled-Tuesday-Blitz-January-23-2024"]
[Site "Chess.com"]
[Date "2024.01.23"]
[Round "6"]
[White "arnash_bauyrzhan"]
[Black "Sofia_Blokhin"]
[Result "1-0"]
[WhiteElo "2198"]
[BlackElo "2275"]
[TimeControl "180+1"]
[EndTime "9:05:36 PST"]
[Termination "arnash_bauyrzhan won on time"]

1. e4 c5 2. Nf3 e6 3. d4 cxd4 4. Nxd4 a6 5. Bd3 Nf6 6. O-O Qc7 7. Qe2 Bd6 8. h3 Nc6 9. Be3 O-O 10. Nc3 b5 11. f4 Nxd4 12. Bxd4 Bc5 13. Qf2 d6 14. e5 Nd7 15. Kh1 Bb7 16. Rae1 Qb6 17. Bxc5 dxc5 18. Ne4 Rfd8 19. Nd6 Bd5 20. Qh4 g6 21.
Qe7 Rf8 22. Qxd7 Rad8 23. Qe7 c4 24. Be4 Bxe4 25. Nxe4 b4 26. Qg5 1-0

[Event "Early-Titled-Tuesday-Blitz-January-23-2024"]
[Site "Chess.com"]
[Date "2024.01.23"]
[Round "6"]
[White "Barmen_EV"]
[Black "norwaytoadog"]
[Result "0-1"]
[WhiteElo "2485"]
[BlackElo "2292"]
[TimeControl "180+1"]
[EndTime "9:05:38 PST"]
[Termination "norwaytoadog won by checkmate"]

1. e4 c5 2. c3 d5 3. exd5 Qxd5 4. d4 Nc6 5. Nf3 Bg4 6. Be2 cxd4 7. cxd4 e6 8. O-O Nf6 9. Nc3 Qa5 10. h3 Bxf3 11. Bxf3 Bd6 12. Be3 O-O 13. a3 Rfd8 14. Qb3 Qc7 15.
Nb5 Qe7 16. Nxd6 Rxd6 17. Rfd1 Nd5 18. Rac1 Rad8 19. Rd2 R6d7 20. Qa4 Qh4 21. Rcd1 Ne5 22. Bxd5 Rxd5 23. Qxa7 Nf3+ 24. gxf3 Qxh3 25. Qxb7 Rh5 26. f4 Rh4 27. Qg2 Rg4 28. Qxg4 Qxg4+ 29. Kf1 Rd5 30. b4 Rh5 31. f3 Qxf3+ 32. Rf2 Rh1# 0-1

[Event "Early-Titled-Tuesday-Blitz-January-23-2024"]
[Site "Chess.com"]
[Date "2024.01.23"]
[Round "6"]
[White "dianamirza"]
[Black "Ducke13"]
[Result "0-1"]
[WhiteElo "1983"]
[BlackElo "2293"]
[TimeControl "180+1"]
[EndTime "9:05:40 PST"]
[Termination "Ducke13 won by checkmate"]

1. d4 Nf6 2. Nf3 g6 3. c4 Bg7 4. Nc3 d5 5. cxd5 Nxd5 6. Nxd5 Qxd5 7. e3 c5 8. dxc5 Qxc5 9. Bd3 O-O 10. O-O Nc6 11.
Rb1 Rd8 12. Qe2 Bg4 13. h3 Bxf3 14. gxf3 Qh5 15. Kh2 Rxd3 16. Qxd3 Ne5 17. Qe4 Nxf3+ 18. Kg2 Nh4+ 19. Kh2 Be5+ 20. f4 Qe2+ 21. Kg1 Rc8 22. fxe5 Rc2 23. Qh1 Nf3+ 24. Rxf3 Qe1+ 25. Rf1 Qg3+ 26.
Qg2 Qxg2# 0-1

[Event "Early-Titled-Tuesday-Blitz-January-23-2024"]
[Site "Chess.com"]
[Date "2024.01.23"]
[Round "6"]
[White "jcibarra"]
[Black "Chernobay_Artem"]
[Result "1-0"]
[WhiteElo "2840"]
[BlackElo "2622"]
[TimeControl "180+1"]
[EndTime "9:05:42 PST"]
[Termination "jcibarra won by resignation"]

1. e4 e6 2. d4 d5 3. Nc3 Nf6 4. Bg5 dxe4 5. Nxe4 Be7 6. Bxf6 gxf6 7. Nf3 a6 8. Qd2 Nc6 9. O-O-O Qd5 10. Nc3 Qa5 11. d5 exd5 12. Nxd5 Qxd2+ 13. Rxd2 Bd8 14. Bc4 Kf8 15.
Re1 Rg8 16. Nf4 Be7 17. g3 Bd6 18. Nd5 b5 19. Bb3 Kg7 20. Nh4 Ne5 21. Ne3 Kf8 22. f4 Ng6 23. Nhf5 Bxf5 24. Nxf5 Rd8 25. c3 h5 26. h4 Ne7 27. Rxd6 cxd6 28. Rxe7 Rg7 29. Ra7 Rh7 30. Bd5 1-0

[Event "Early-Titled-Tuesday-Blitz-January-23-2024"]
[Site "Chess.com"]
[Date "2024.01.23"]
[Round "6"]
[White "Skatchkov_V"]
[Black "EvgenyBurmakin"]
[Result "1-0"]
[WhiteElo "2628"]
[BlackElo "2452"]
[TimeControl "180+1"]
[EndTime "9:05:42 PST"]
[Termination "Skatchkov_V won by resignation"]

1. d4 Nf6 2. c4 g6 3. Nc3 Bg7 4.
e4 d6 5. h3 O-O 6. Bg5 h6 7. Be3 e5 8. d5 c6 9. Qd2 Kh7 10. g4 cxd5 11. cxd5 Ne8 12. Bd3 Nd7 13. Nge2 Nc5 14. Bc2 a5 15. f3 b6 16. h4 Ba6 17. h5 g5 18. O-O b5 19. a3 b4 20.
Na4 b3 21. Nxc5 bxc2 22. Nxa6 Rxa6 23. Qxc2 Nc7 24. b4 Qb8 25. Rfb1 axb4 26. Rxb4 Qxb4 27. axb4 Rxa1+ 28. Kf2 Nb5 29. Qd3 Rb8 30. Nc1 Ra3 31. Nb3 Nd4 32. Bxd4 exd4 33. e5+ Kg8 34. exd6 Rxb4 35.
d7 Bf6 36. Qf5 Bd8 37. Nd2 Rb2 38. Qe5 Rxd2+ 39. Ke1 Ba5 40. d8=Q+ Bxd8 41. Kxd2 Ba5+ 42. Kc2 d3+ 43. Kb2 d2 44. Qe8+ Kg7 45. Qe5+ Kg8 46. Qe2 Ra4 47. Kc2 Rd4 48. Kd1 Rxd5 49. Qe8+ Kg7 50.
Qe4 Rd6 51. Qe5+ Kg8 52. Qxd6 Kg7 53. Qe5+ Kg8 54. Qxa5 1-0

[Event "Early-Titled-Tuesday-Blitz-January-23-2024"]
[Site "Chess.com"]
[Date "2024.01.23"]
[Round "6"]
[White "zurzan"]
[Black "Der_Balak_3Halak"]
[Result "0-1"]
[WhiteElo "2030"]
[BlackElo "2330"]
[TimeControl "180+1"]
[EndTime "9:05:44 PST"]
[Termination "Der_Balak_3Halak won by checkmate"]

1. c4 g6 2. d3 Bg7 3. Nf3 c5 4.
Nc3 Nc6 5. g3 e6 6. Bg2 Nge7 7.
a3 O-O 8. Rb1 a6 9. Bd2 Rb8 10. b4 cxb4 11. axb4 b5 12. cxb5 axb5 13. h4 d5 14. h5 Nd4 15. Nxd4 Bxd4 16. hxg6 fxg6 17.
O-O Qc7 18. e3 Bg7 19. Rc1 Qd6 20. e4 d4 21. Ne2 e5 22. Rc5 Be6 23. Bg5 h6 24. Bd2 Rfc8 25. Qc1 Rxc5 26. bxc5 Qc7 27.
f3 Kh7 28. f4 Nc6 29. f5 Bf7 30. f6 Bf8 31. g4 Nd8 32. Ng3 Qxc5 33. Qe1 Ne6 34.
Bh3 b4 35. g5 Nxg5 36. Bxg5 hxg5 37. Qf2 b3 38. Qh2 Kg8 39. Bf5 b2 40. Rb1 Qc1+ 41. Nf1 Qxb1 42. Qxe5 Qxf1+ 43. Kxf1 b1=Q+ 44. Kf2 Rb2+ 45. Kg3 Qg1+ 46. Kh3 Qg2# 0-1

[Event "Early-Titled-Tuesday-Blitz-January-23-2024"]
[Site "Chess.com"]
[Date "2024.01.23"]
[Round "6"]
[White "Tsyhanchuk_Stanislav"]
[Black "campochess"]
[Result "1-0"]
[WhiteElo "2277"]
[BlackElo "2102"]
[TimeControl "180+1"]
[EndTime "9:05:44 PST"]
[Termination "Tsyhanchuk_Stanislav won by checkmate"]

1. e4 c5 2. Nf3 Nc6 3. d4 cxd4 4. Nxd4 e5 5. Nb5 a6 6. Nd6+ Bxd6 7. Qxd6 Qe7 8. Qd1 Nf6 9. Nc3 h6 10. Be3 d6 11. f3 Be6 12. Qd2 Rd8 13. O-O-O d5 14. exd5 Nxd5 15. Nxd5 Rxd5 16. Bd3 O-O 17. Kb1 Rfd8 18.
Qe2 Nb4 19. Be4 Rxd1+ 20. Rxd1 Bxa2+ 21. Ka1 Be6 22. Bc5 Rxd1+ 23. Qxd1 Nxc2+ 24. Bxc2 Qh4 25. g3 Qf6 26. Qd3 g6 27. Qc3 Qg5 28. Be3 Qe7 29. Qxe5 Qb4 30. Qc3 Qb5 31. Bxh6 Qf1+ 32. Bb1 f5 33. Qg7# 1-0

[Event "Early-Titled-Tuesday-Blitz-January-23-2024"]
[Site "Chess.com"]
[Date "2024.01.23"]
[Round "6"]
[White "BashirliSaadat"]
[Black "ETTrainer"]
[Result "0-1"]
[WhiteElo "2418"]
[BlackElo "2588"]
[TimeControl "180+1"]
[EndTime "9:05:45 PST"]
[Termination "ETTrainer won on time"]

1. e4 d5 2. exd5 Nf6 3. Nc3 Nxd5 4. Nf3 Nxc3 5. dxc3 Qxd1+ 6. Kxd1 Bg4 7. Bf4 c6 8.
Bd3 Nd7 9. Kd2 Bxf3 10. gxf3 e6 11. Rae1 O-O-O 12. Rhg1 g6 13. Kc1 Be7 14. Kb1 Nc5 15. Bc4 h6 16. Be5 Rhe8 17. Bd4 Kc7 18. b4 Nd7 19.
Bb3 Bd6 20. h3 c5 21. bxc5 Bxc5 22. Bxc5 Nxc5 23. Re5 b6 24. Rg4 Rd2 25. Rg2 Red8 26. Re1 Rd1+ 27. Rxd1 Rxd1+ 28. Kb2 Rh1 29. Rg3 Rh2 30. Bc4 Rxf2 31. Kc1 h5 32. Kd1 Na4 33. Ke1 Rh2 34. f4 Nc5 35. Be2 Kd6 36. Re3 h4 37. Kd2 f5 38. Kc1 Ne4 39. Kb2 Nf2 0-1

[Event "Early-Titled-Tuesday-Blitz-January-23-2024"]
[Site "Chess.com"]
[Date "2024.01.23"]
[Round "6"]
[White "jhedigm"]
[Black "Akylbek2021"]
[Result "0-1"]
[WhiteElo "2559"]
[BlackElo "2285"]
[TimeControl "180+1"]
[EndTime "9:05:47 PST"]
[Termination "Akylbek2021 won by resignation"]

1. c4 Nf6 2. Nc3 d5 3. cxd5 Nxd5 4. Nf3 g6 5. h4 h5 6. Qa4+ Nc6 7. d4 Bg7 8. e4 Nb6 9. Qb5 a6 10. Qd3 Nxd4 11.
Be3 Nxf3+ 12. gxf3 Qxd3 13. Bxd3 Be6 14. O-O-O O-O-O 15.
Kb1 Nc4 16. Bg5 Bf6 17. f4 b5 18. e5 Bxg5 19. Bxc4 Bxf4 20. Bxe6+ fxe6 21. Ne4 Bxe5 22. Nc5 Rd6 23. Rxd6 exd6 24. Nxe6 Kd7 25. Ng5 Rf8 26. Ne4 Kc6 27. Rg1 Rf4 28. f3 Rxf3 29. Rxg6 Rf4 30. Ng5 Rxh4 31. Nf3 Rh1+ 32. Kc2 Kd5 33. b3 c5 34. a4 bxa4 35. bxa4 h4 36. Rh6 h3 37. Ng5 h2 38. Nf3 Ra1 39. Nxh2 Bxh2 0-1

[Event "Early-Titled-Tuesday-Blitz-January-23-2024"]
[Site "Chess.com"]
[Date "2024.01.23"]
[Round "6"]
[White "Alexchess1984"]
[Black "inneremptiness"]
[Result "1-0"]
[WhiteElo "2678"]
[BlackElo "2873"]
[TimeControl "180+1"]
[EndTime "9:05:49 PST"]
[Termination "Alexchess1984 won by resignation"]

1. e4 c5 2. Nf3 Nc6 3. Bb5 g6 4. Bxc6 bxc6 5. O-O Bg7 6. Re1 Nh6 7. c3 O-O 8. d4 cxd4 9. cxd4 d5 10. Bxh6 Bxh6 11.
Nc3 Rb8 12. b3 Qa5 13. Qc2 Bg4 14.
Ne5 Be6 15. Nxc6 Qc7 16. Nxb8 Rxb8 17. Qd3 dxe4 18. Nxe4 Bd5 19. Nc3 Bb7 20. Rad1 Rd8 21. d5 Bg7 22. Re3 Be5 23. h3 a6 24. Rde1 f6 25. Qc4 Qd6 26. Ne4 Qc7 27. Qxc7 Bxc7 28. d6 exd6 29. Nxf6+ Kf7 30. Nxh7 Ba5 31. Re7+ Kg8 32.
Nf6+ Kf8 33. Nh7+ Kg8 34. R1e6 Bc8 35. Rxg6+ Kh8 36. Nf6 1-0

[Event "Early-Titled-Tuesday-Blitz-January-23-2024"]
[Site "Chess.com"]
[Date "2024.01.23"]
[Round "6"]
[White "Sanyura"]
[Black "GlavkonVVS"]
[Result "1-0"]
[WhiteElo "2618"]
[BlackElo "2475"]
[TimeControl "180+1"]
[EndTime "9:05:50 PST"]
[Termination "Sanyura won by resignation"]

1. e4 Nf6 2. e5 Nd5 3. c4 Nb6 4. d4 d6 5. f4 dxe5 6. fxe5 c5 7.
d5 g6 8. Nc3 Bg7 9. Bf4 O-O 10.
Nf3 Bg4 11. h3 Bxf3 12. Qxf3 e6 13. Rd1 exd5 14. Nxd5 Re8 15. Be2 Nc6 16. O-O Nd4 17. Qe4 Nxd5 18. cxd5 Qh4 19. Bg4 h5 20. Bd7 Rxe5 21. Qd3 Rxd5 22. Bb5 Rad8 23. Bc4 Ne2+ 24. Qxe2 Rxd1 25. Bxf7+ Kxf7 26. Bg5+ Kg8 27. Bxh4 Rxf1+ 28. Qxf1 Rd2 29. Qc4+ Kh7 30. Qf7 Kh6 31. Qf4+ 1-0

[Event "Early-Titled-Tuesday-Blitz-January-23-2024"]
[Site "Chess.com"]
[Date "2024.01.23"]
[Round "6"]
[White "nekotyanof"]
[Black "baki83"]
[Result "1-0"]
[WhiteElo "2663"]
[BlackElo "2832"]
[TimeControl "180+1"]
[EndTime "9:05:51 PST"]
[Termination "nekotyanof won by resignation"]

1. e4 c5 2. Nf3 d6 3. Bb5+ Nc6 4. d4 cxd4 5. Qxd4 Nf6 6. e5 Qa5+ 7. Nc3 Qxb5 8.
Nxb5 Nxd4 9. Nfxd4 dxe5 10. Nc7+ Kd8 11. Nxa8 exd4 12. Bf4 Nd5 13. O-O-O e6 14. Rxd4 Bc5 15. Rd2 Ke7 16. Bg3 Bb4 17. c3 Ba5 18. Re1 Kf6 19.
Re4 Bd7 20. Nc7 Bxc7 21. Bxc7 Bc6 22. Be5+ Ke7 23. Rg4 h5 24. Rxg7 Rc8 25. Rd3 Be8 26. Rh3 b5 27. a3 a5 28. Rxh5 b4 29. axb4 axb4 30. Rh3 b3 31. Bd4 Rc4 32. Kd2 Bc6 33. Rf3 Be8 34. h4 Ra4 35. h5 Ra2 36.
Bc5+ Kd7 37. Ba3 Kc6 38. h6 Ra1 39. Rg8 Rb1 40. h7 1-0

[Event "Early-Titled-Tuesday-Blitz-January-23-2024"]
[Site "Chess.com"]
[Date "2024.01.23"]
[Round "6"]
[White "nihalsarin"]
[Black "Indianlad"]
[Result "1-0"]
[WhiteElo "3184"]
[BlackElo "2990"]
[TimeControl "180+1"]
[EndTime "9:05:52 PST"]
[Termination "nihalsarin won by resignation"]

1. c4 e6 2. g3 d5 3. Bg2 c5 4.
cxd5 exd5 5. Nf3 Nf6 6. O-O Nc6 7. d4 Be7 8. b3 Ne4 9. Bb2 Bf6 10. Nc3 cxd4 11.
Nxe4 dxe4 12. Nd2 O-O 13. Nxe4 Be7 14. Rc1 Re8 15. a3 Qb6 16. Nd2 Be6 17. Nc4 Bxc4 18. Rxc4 Bf6 19. Bxc6 bxc6 20. Bxd4 Bxd4 21. Rxd4 Rxe2 22.
Qxe2 Qxd4 23. Rd1 Qf6 24. Rd7 g6 25. Kg2 a5 26. Qc4 Re8 27. Rc7 Re6 28. Rc8+ Kg7 29. Qc5 Qe5 30. Qf8+ Kf6 31. Qh8+ Kf5 32. Qxh7 Qe4+ 33.
f3 Qe2+ 34. Kh3 Qxf3 35. Qxf7+ Rf6 36. Qxf6+ 1-0

[Event "Early-Titled-Tuesday-Blitz-January-23-2024"]
[Site "Chess.com"]
[Date "2024.01.23"]
[Round "6"]
[White "santosalberto1987"]
[Black "hawes33"]
[Result "1-0"]
[WhiteElo "2539"]
[BlackElo "2303"]
[TimeControl "180+1"]
[EndTime "9:05:52 PST"]
[Termination "santosalberto1987 won by resignation"]

1. e4 c5 2. Nf3 d6 3. Bb5+ Bd7 4. c4 Nf6 5. Nc3 g6 6. Bxd7+ Qxd7 7. d4 cxd4 8. Nxd4 Nc6 9. f3 Bg7 10. Be3 O-O 11.
Rc1 Rac8 12. b3 Nxd4 13. Bxd4 a6 14. a4 Qe6 15. O-O Nd7 16. Nd5 Rfe8 17. a5 Bxd4+ 18. Qxd4 Qe5 19. Qxe5 Nxe5 20. Nb6 Rc6 21. Rfd1 f5 22. f4 Ng4 23. Re1 e5 24. Nd5 Kf7 25.
exf5 gxf5 26. h3 Nf6 27. fxe5 Nxd5 28. cxd5 Rxc1 29. e6+ Kf6 30. Rxc1 Ke5 31. Rd1 h5 32.
Kf2 h4 33. g3 hxg3+ 34. Kxg3 f4+ 35. Kf3 Rh8 36. h4 Rc8 37. h5 Rc3+ 38. Kg4 Rg3+ 39.
Kh4 Rg8 40. h6 f3 41. Kh5 f2 42. Rf1 Kxd5 43. h7 Rh8 44. Kg6 Kxe6 45. Kg7 Re8 46.
h8=Q Rxh8 47. Kxh8 Kd5 48. Kg7 Kc5 49. Rxf2 1-0

[Event "Early-Titled-Tuesday-Blitz-January-23-2024"]
[Site "Chess.com"]
[Date "2024.01.23"]
[Round "6"]
[White "ChessGiantYouTube"]
[Black "ljuks68"]
[Result "1-0"]
[WhiteElo "2243"]
[BlackElo "2459"]
[TimeControl "180+1"]
[EndTime "9:05:54 PST"]
[Termination "ChessGiantYouTube won on time"]

1. e4 e6 2. Nf3 d5 3. e5 c5 4. b4 Nc6 5. bxc5 d4 6. c3 Bxc5 7.
cxd4 Nxd4 8. Nc3 Nh6 9. Nxd4 Qxd4 10. Qa4+ Bd7 11. Qxd4 Bxd4 12. f4 Bc6 13. Rb1 Nf5 14.
Bb5 O-O 15. Bxc6 bxc6 16. g4 Nh4 17. Ba3 Ng2+ 18. Kf1 Nxf4 19. Bxf8 Kxf8 20. Ne2 Bxe5 21. Nxf4 Bxf4 22. Ke2 Rd8 23. d3 Rd7 24. Rhf1 Be5 25. a4 Ke7 26. a5 h6 27. a6 g6 28. Rb7 f5 29. gxf5 exf5 30. Rfb1 Bd4 31. Kf3 Rxb7 32.
axb7 1-0